 Dungeon Crawl Stone Soup version 0.27-a0-1431-gcffa5a9b16 (webtiles) character file.

Game seed: 9262527881832543852

943 trckry the Firebug (level 7, -8/36 HPs)
             Began as a Deep Elf Fire Elementalist on July 2, 2021.
             Was an Initiate of Vehumet.
             Mangled by a black bear (12 damage)
             ... on level 6 of the Dungeon.
             The game lasted 00:20:53 (6781 turns).

trckry the Firebug (Deep Elf Fire Elementalist)     Turns: 6781, Time: 00:20:54

Health: -8/36      AC:  2    Str: 13    XL:     7   Next: 88%
Magic:  14/16      EV: 12    Int: 20    God:    Vehumet [......]
Gold:   561        SH:  0    Dex: 15    Spells: 12/16 levels left

rFire    . . .     SeeInvis .   f - +0 dagger (venom)
rCold    . . .     Faith    .   (no shield)
rNeg     . . .     Spirit   .   a - +0 robe
rPois    .         Reflect  .   (no helmet)
rElec    .         Harm     .   (no cloak)
rCorr    .         Rampage  .   (no gloves)
Will     .....                  (no boots)
Stlth    ++........             (no amulet)
HPRegen  0.12/turn              j - +6 ring of strength
MPRegen  0.15/turn              (no ring)

@: no status effects
A: no striking features
a: Renounce Religion


You were on level 6 of the Dungeon.
You worshipped Vehumet.
Vehumet was noncommittal.
You visited 2 branches of the dungeon, and saw 7 of its levels.
You also visited: Ossuary.

You collected 561 gold pieces.

Inventory:

Hand Weapons
 f - a +0 dagger of venom (weapon)
Missiles
 k - 11 poisoned darts (quivered)
Armour
 a - a +0 robe (worn)
 x - a +0 kite shield
Jewellery
 j - a +6 ring of strength (left hand)
Wands
 v - a wand of mindburst (10)
Scrolls
 b - a scroll of enchant armour {unknown}
 d - 2 scrolls of enchant weapon {unknown}
 e - 2 scrolls of fog {unknown}
 h - 2 scrolls of identify {unknown}
 i - 2 scrolls of holy word {unknown}
 m - a scroll of teleportation {unknown}
 o - a scroll of vulnerability {unknown}
 s - a scroll of torment {unknown}
Potions
 c - 3 potions of might {unknown}
 g - 2 potions of lignification {unknown}
 l - 6 potions of heal wounds {unknown}
 n - a potion of brilliance {unknown}
 p - a potion of flight {unknown}
 q - 2 potions of invisibility {unknown}
 r - 5 potions of curing {unknown}
 t - a potion of haste {unknown}
 u - 2 potions of mutation {unknown}
 w - a potion of attraction {unknown}


   Skills:
 - Level 2.4 Dodging
 - Level 2.4 Stealth
 - Level 5.0 Spellcasting
 * Level 6.6 Conjurations
 * Level 7.4 Fire Magic


You had 12 spell levels left.
You knew the following spells:

 Your Spells              Type           Power      Damage    Failure   Level
a - Foxfire               Conj/Fire      100%       2x1d9     1%          1
b - Conjure Flame         Conj/Fire      33%        6-21      1%          3

Your spell library contained the following spells:

 Spells                   Type           Power      Damage    Failure   Level
 Shock                    Conj/Air       72%        1d7       3%          1
 Static Discharge         Conj/Air       18%        N/A       4%          2
 Sticky Flame             Conj/Fire      33%        2d5       6%          4
 Inner Flame              Hex/Fire       19%        N/A       8%          3
 Corpse Rot               Necr/Air       N/A        N/A       17%         2
 Slow                     Hex            5%         N/A       17%         2
 Fireball                 Conj/Fire      16%        3d8       19%         5
 Iskenderun's Battlesphe  Conj           31%        2d8       22%         5
 Swiftness                Air            5%         N/A       34%         3
 Vampiric Draining        Necr           2%         2d6       34%         3
 Airstrike                Air            2%         N/A       75%         4
 Animate Dead             Necr           2%         N/A       75%         4
 Dispel Undead            Necr           5%         3d7       75%         4
 Petrify                  Tmut/Erth      5%         N/A       75%         4
 Conjure Ball Lightning   Conj/Air       9%         3x3d6     99%         6
 Death Channel            Necr           2%         N/A       100%        6
 Haunt                    Necr/Summ      2%         N/A       100%        7
 Orb of Destruction       Conj           15%        9d7       100%        7


Dungeon Overview and Level Annotations

Branches:
Dungeon (6/15)             Temple (1/1) D:4         Ossuary (visited)

Altars:
Cheibriados
Dithmenos
Fedhas
Gozag
Hepliaklqana
Sif Muna
Trog
Uskayaw
Vehumet
Wu Jian
Zin
The Shining One

Shops:
D:5 (

Annotations:
D:5 3 runed translucent doors, atabob's ghost, novice DrCj
D:6 1 transporter


Message History

The black bear closely misses you.
You take 2 damage, and have 27/36 hp.
You hit the black bear but do no damage.
The black bear looks even sicker.
The black bear is heavily wounded.
The black bear closely misses you. The black bear claws you.
The black bear closely misses you.
You take 3 damage, and have 24/36 hp.
Casting: Foxfire (safe; 1% risk of failure)
Confirm with . or Enter, or press ? or * to list all spells.
You conjure some foxfire!
The black bear goes berserk!
You now have 14/16 mp.
Your foxfire dissipates!
The foxfire hits the wight but does no damage.
Casting: Foxfire (safe; 1% risk of failure)
Confirm with . or Enter, or press ? or * to list all spells.
You conjure some foxfire!
The black bear bites you! The black bear misses you. x2
The foxfire hits the wight.
The wight is lightly damaged.
The black bear bites you!
* * * LOW HITPOINT WARNING * * *
The black bear closely misses you. x2
You take 15 damage, and have 10/36 hp.
MASSIVE DAMAGE!!
You now have 13/16 mp.
The foxfire hits the wight but does no damage.
The wight is lightly damaged.
The black bear closely misses you. The black bear claws you.
* * * LOW HITPOINT WARNING * * *
The black bear claws you.
* * * LOW HITPOINT WARNING * * *
You take 3 damage, and have 7/36 hp.
Okay, then.
The black bear rages.
The black bear bites you.
* * * LOW HITPOINT WARNING * * *
The black bear claws you but does no damage.
The black bear claws you.
* * * LOW HITPOINT WARNING * * *
You take 3 damage, and have 4/36 hp.
The black bear bites you!
You die...

.........###.....#
....##..## ###..###
....##...#####....#
....##..##.##....####
...####..#.)...#....### ...
##......##......## ##
##.#............###
#..##.............#
.....#.z.h@........#
......#............######
#...#................#...##
....#...#...##.............#
...##..###..#.....##......#
#.# .......(......#### ..
..............##
.#.............##
............##


You could see a black bear (berserk, very poisoned) and a wight.

Vanquished Creatures
  3 ogres
  2 scorpions
  A water moccasin skeleton (D:6)
  A wight (D:6)
  A centaur zombie (D:5)
  A jelly (D:4)
  An orc priest (D:3)
  2 hounds
  A centaur skeleton (D:6)
  A gnoll shaman (D:4)
  An iguana (D:5)
  8 mummies (Ossuary)
  4 gnolls
  3 adders
  A howler monkey skeleton (D:6)
  An ufetubus (D:4)
  A worm (D:2)
  2 dart slugs (D:3)
  5 orcs
  6 bats
  5 endoplasms
  5 giant cockroaches
  4 hobgoblins
  6 jackals
  A quokka (D:1)
  6 ball pythons
  4 frilled lizards
  5 goblins
  A goblin zombie (D:4)
  4 hobgoblin zombies (Ossuary)
  10 kobolds
  A kobold zombie (Ossuary)
  3 orc zombies (Ossuary)
  5 rats
  A rat zombie (D:4)
107 creatures vanquished.

Vanquished Creatures (others)
  435 foxfires
435 creatures vanquished.

Grand Total: 542 creatures vanquished

Notes
Turn   | Place    | Note
-------+----------+-------------------------------------------
     0 | D:1      | trckry the Deep Elf Fire Elementalist began the quest for
                  | the Orb.
     0 | D:1      | Reached XP level 1. HP: 10/10 MP: 6/6
   247 | D:1      | Reached XP level 2. HP: 15/15 MP: 4/8
   488 | D:1      | Found a faded altar of an unknown god.
  1525 | D:2      | Reached XP level 3. HP: 14/19 MP: 4/9
  2115 | D:2      | Reached skill level 4 in Fire Magic
  2494 | D:3      | Reached XP level 4. HP: 24/24 MP: 6/11
  2498 | D:3      | Noticed a scorpion
  2510 | D:3      | Killed a scorpion
  2791 | D:3      | Reached XP level 5. HP: 28/28 MP: 13/13
  2971 | D:3      | Learned a level 3 spell: Conjure Flame
  3024 | D:4      | Found a blossoming altar of Fedhas.
  3089 | D:4      | Found a sand-covered staircase.
  3107 | Ossuary  | Entered an ossuary
  3245 | Ossuary  | Reached skill level 5 in Fire Magic
  3589 | Ossuary  | Reached XP level 6. HP: 32/32 MP: 8/14
  3752 | D:4      | Found a staircase to the Ecumenical Temple.
  3773 | D:4      | HP: 3/32 [scorpion (7)]
  4267 | D:4      | Reached skill level 5 in Spellcasting
  4456 | D:3      | Reached skill level 5 in Conjurations
  4456 | D:3      | Reached skill level 6 in Fire Magic
  4934 | D:4      | Found a glowing golden altar of the Shining One.
  5174 | D:5      | Entered Level 5 of the Dungeon
  5174 | D:5      | Found a runed translucent gate.
  5174 | D:5      | Found a runed translucent gate.
  5174 | D:5      | Found a runed translucent gate.
  5234 | D:5      | Found Bik Ykor's Antique Weapon Shop.
  5277 | D:4      | Reached XP level 7. HP: 36/36 MP: 10/16
  5314 | Temple   | Entered the Ecumenical Temple
  5394 | Temple   | Became a worshipper of Vehumet
  5860 | D:5      | Reached skill level 7 in Fire Magic
  6233 | D:5      | Noticed atabob's ghost (novice DrCj)
  6262 | D:5      | Upgraded the game from 0.27-a0-1416-g941b2bd30b to
                  | 0.27-a0-1431-gcffa5a9b16
  6285 | D:6      | Found a transporter.
  6779 | D:6      | HP: 5/36 [black bear (2)]
  6781 | D:6      | Mangled by a black bear

Illustrated notes

Levels and vault maps discovered:
D:1:      lightli_arrival_isolated_outpost, layout_basic,
          hellmonk_ecumenical_altar_crossroads, minmay_3d_cube
D:2:      layout_loops_cross
D:3:      layout_rooms
D:4:      layout_layer_cave, amcnicky_altar_gilded,
          nicolae_tso_carved_into_rock, minmay_temple_entry_large_hall,
          enter_ossuary_4
D:5:      layout_cave_pools, gammafunk_ghost_icy, serial_shops,
          nicolae_stop_n_shop_1
D:6:      gammafunk_steamed_eel, layout_cave_pools
Temple:   eino_wide_crystal_templ

Skill      XL: |  1  2  3  4  5  6  7 |
---------------+----------------------+-----
Conjurations   | 2 3 4 5 6 |  6.6
Fire Magic     | 4 5 6 7 |  7.4
Spellcasting   | 4 5 |  5.0
Dodging        | |  2.4
Stealth        | |  2.4

Action                   |  1- 3 |  4- 6 |  7- 9 || total
-------------------------+-------+-------+-------++-------
Melee: Dagger            |     3 |    16 |    16 ||    35
Throw: Dart              |       |     4 |       ||     4
 Cast: Foxfire           |    94 |   123 |    62 ||   279
       Conjure Flame     |       |     3 |       ||     3
 Stab: Sleeping          |       |     1 |     1 ||     2
Armor: Robe              |     6 |     4 |     6 ||    16
Dodge: Dodged            |     7 |    19 |    28 ||    54

Table legend: (Time is in decaauts)
 A = Elapsed time spent in this place.
 B = Non-inter-level travel time spent in this place.
 C = Inter-level travel time spent in this place.
 D = Time resting spent in this place.
 E = Time spent auto-exploring this place.
 F = Levels seen in this place.
 G = Mean time per level.
                   A        B        C        D        E       F      G
               +--------+--------+--------+--------+--------+-----+--------+
         Total |   6790 |   6449 |    341 |    557 |   4845 |   8 |  848.8 |
       Dungeon |   6093 |   5772 |    321 |    363 |   4505 |   6 | 1015.5 |
        Temple |    101 |     81 |     20 |      0 |     65 |   1 |  101.0 |
       Ossuary |    595 |    595 |      0 |    194 |    275 |   1 |  595.0 |
               +--------+--------+--------+--------+--------+-----+--------+

Top non-repeatable levels by time:
     D:4: 1618 daAuts
     D:1: 1304 daAuts
     D:5: 1092 daAuts
     D:2: 1009 daAuts
     D:3: 818 daAuts
 Ossuary: 595 daAuts
     D:6: 249 daAuts
  Temple: 101 daAuts
